 Dungeon Crawl Stone Soup version 0.32-a0-975-g85d4e5bfdb (webtiles) character file.

Game seed: 2996928858966689522

1427778 ParallaxScroll the Slayer (level 24, 235/235 HPs)
             Began as a Mountain Dwarf Fighter on Apr 16, 2024.
             Was the Champion of Ru.
             Escaped with the Orb
             ... and 3 runes on Apr 18, 2024!
             The game lasted 07:56:53 (93665 turns).

ParallaxScroll the Slayer (Mountain Dwarf Fighter) Turns: 93665, Time: 07:56:54

Health: 235/235    AC: 47    Str: 33      XL:     24   Next: 53%
Magic:  36/36      EV: 10    Int:  6 (8)  God:    Ru [******]
Gold:   1988       SH:  9    Dex: 15      Spells: 42/42 levels left

rFire   + + +        c - +9 broad axe (freeze)
rCold   + . .        n - +2 buckler
rNeg    + + +        s - +9 scales of the Dragon King {rPois rF+ rC+ Will+}
rPois   +            Y - +2 hat of Shrieking Satisfaction {rF+ rN++ Int-2}
rElec   .            H - +2 cloak {rF+}
rCorr   +            F - +2 pair of gloves of the Cartwright {+Blink Fly Int-2 Slay+4}
SInv    .            D - +2 pair of boots "Aviluyf" {Str+5}
Will    ++++.        y - amulet of Padayt {Spirit -Cast Fly Regen+ Slay+4} Stlth
                     i - ring "Kiepaesk" {rN+ rCorr Dex+6}
HPRegen 1.39/turn    x - ring "Oskidaox" {rN+ Will+ Slay+3}
MPRegen 0.25/turn

%: no spellcasting, guardian spirit
@: flying, studying 2 skills
A: inhibited regeneration, inability to drink after injury 2, no stealth, hated
by all, no conjurations magic, no fire magic, no hexes magic, disrupted magic 1,
inexperienced 1, runic magic, artefact enchanting, deterioration 1, wild magic 1
0: Orb of Zot
}: 3/15 runes: barnacled, silver, gossamer
a: Renounce Religion, Evoke Blink, Draw Out Power, Power Leap, Apocalypse


You escaped.
You worshipped Ru.
Ru was exalted by your worship.
You visited 9 branches of the dungeon, and saw 47 of its levels.
You visited the Abyss 1 time.
You visited 1 bazaar.
You also visited: Trove, Sewer, Gauntlet and Volcano.

You collected 7613 gold pieces.
You spent 5625 gold pieces at shops.

Inventory:

Hand Weapons
 a - the +7 sceptre of Torment {pain, torment}
   (You found it on level 2 of the Depths)
 b - the +9 broad axe of Lufud {venom, rPois Dex-4 SInv Stlth+}
   (You found it on level 3 of the Elven Halls)

   Dex-4:     It affects your dexterity (-4).
   rPois:     It protects you from poison.
   SInv:      It lets you see invisible.
   Stlth+:    It makes you more stealthy.
 c - a +9 broad axe of freezing (weapon)
Missiles
 r - 22 javelins
 w - 13 curare-tipped darts
 N - 9 throwing nets
 P - 28 boomerangs (quivered)
 Z - 15 silver javelins
Armour
 n - a +2 buckler (worn)
 s - the +9 scales of the Dragon King (worn) {rPois rF+ rC+ Will+}
   (You acquired it on level 13 of the Dungeon)

   rF+:       It protects you from fire.
   rC+:       It protects you from cold.
   rPois:     It protects you from poison.
   Will+:     It increases your willpower.
 D - the +2 pair of boots "Aviluyf" (worn) {Str+5}
   (You found it on level 3 of the Spider Nest)

   Str+5:     It affects your strength (+5).
 F - the +2 pair of gloves of the Cartwright (worn) {+Blink Fly Int-2 Slay+4}
   (You found it on level 2 of the Depths)

   Int-2:     It affects your intelligence (-2).
   Slay+4:    It affects your accuracy & damage with ranged weapons and melee
   (+4).
   Fly:       It grants you flight.
   +Blink:    It lets you blink.
 H - a +2 cloak of fire resistance (worn)
 Y - the +2 hat of Shrieking Satisfaction (worn) {rF+ rN++ Int-2}
   (You found it on level 14 of the Dungeon)

   Int-2:     It affects your intelligence (-2).
   rF+:       It protects you from fire.
   rN++:      It greatly protects you from negative energy.
Jewellery
 d - the ring of Keufize {rC+ Str+4}
   (You found it in a treasure trove)

   [ring of protection from cold]

   Str+4:     It affects your strength (+4).
   rC+:       It protects you from cold.
 i - the ring "Kiepaesk" (left hand) {rN+ rCorr Dex+6}
   (You found it in a treasure trove)

   [ring of resist corrosion]

   Dex+6:     It affects your dexterity (+6).
   rN+:       It protects you from negative energy.
   rCorr:     It protects you from acid and corrosion.
 m - the ring "Qeil" {+Blink rElec rCorr Int-5 Dex+2}
   (You found it in a treasure trove)

   [ring of resist corrosion]

   Int-5:     It affects your intelligence (-5).
   Dex+2:     It affects your dexterity (+2).
   rElec:     It insulates you from electricity.
   +Blink:    It lets you blink.
   rCorr:     It protects you from acid and corrosion.
 p - the ring of Wek Poru {rF+ rCorr EV+5 Str-4 Int+2}
   (You found it in a Gauntlet)

   [ring of evasion]

   EV+5:      It affects your evasion (+5).
   Str-4:     It affects your strength (-4).
   Int+2:     It affects your intelligence (+2).
   rF+:       It protects you from fire.
   rCorr:     It protects you from acid and corrosion.
 x - the ring "Oskidaox" (right hand) {rN+ Will+ Slay+3}
   (You found it on level 14 of the Dungeon)

   [ring of positive energy]

   Slay+3:    It affects your accuracy & damage with ranged weapons and melee
   (+3).
   rN+:       It protects you from negative energy.
   Will+:     It increases your willpower.
 y - the amulet of Padayt (around neck) {Spirit -Cast Fly Regen+ Slay+4}
   (You found it in a treasure trove)

   [amulet of guardian spirit]

   Spirit:    It causes incoming damage to be divided between your reserves of
   health and magic.
   Slay+4:    It affects your accuracy & damage with ranged weapons and melee
   (+4).
   Fly:       It grants you flight.
   -Cast:     It prevents spellcasting.
   Regen+:    It increases your rate of health regeneration.
 U - a +4 ring of slaying
Wands
 o - a wand of polymorph (16)
 v - a wand of mindburst (45)
 G - a wand of digging (16)
 I - a wand of light (15)
 V - a wand of roots (24)
Scrolls
 j - 20 scrolls of teleportation
 t - 13 scrolls of fear
 A - 7 scrolls of fog
 B - 10 scrolls of immolation
 C - 10 scrolls of blinking
 E - 6 scrolls of silence
 L - 6 scrolls of torment
 S - 5 scrolls of vulnerability
Potions
 e - 7 potions of mutation
 g - 17 potions of curing
 h - 7 potions of ambrosia
 k - 5 potions of invisibility
 q - 3 potions of resistance
 z - 6 potions of magic
 J - 14 potions of heal wounds
 K - 5 potions of haste
 M - 3 potions of attraction
 O - 5 potions of cancellation
 R - 4 potions of berserk rage
 T - 4 potions of enlightenment
 W - 6 potions of lignification
 X - 2 potions of might
Miscellaneous
 f - a lightning rod (4/4)
 l - a condenser vane
 Q - a phial of floods


   Skills:
 - Level 23.0 Fighting
 - Level 18.4(20.0) Axes
 - Level 13.3(17.5) Maces & Flails
 - Level 16.0 Throwing
 - Level 22.0 Armour
 - Level 9.0 Dodging
 - Level 14.0 Shields
 + Level 9.9 Spellcasting
 - Level 16.0 Necromancy
 - Level 16.0 Evocations


You had 42 spell levels left.
You didn't know any spells.
Your spell library contained the following spells:

 Spells                   Type           Power      Damage    Failure   Level
 Sublimation of Blood     Necr           28%        N/A       1%          2
 Fugue of the Fallen      Necr           28%        N/A       1%          3
 Vampiric Draining        Necr           28%        2d8       1%          3
 Dispel Undead            Necr           28%        3d13      2%          4
 Cigotuvi's Dreadful Rot  Necr/Alch/Air  24%        N/A       13%         2
 Apportation              Tloc           6%         N/A       50%         1
 Freeze                   Ice            12%        1d3       50%         1
 Sandblast                Erth           6%         2d5       50%         1
 Blink                    Tloc           6%         N/A       61%         2
 Lesser Beckoning         Tloc           6%         N/A       61%         2
 Frozen Ramparts          Ice            6%         1d1       82%         3
 Maxwell's Portable Pile  Tloc           3%         2d(5-14)  82%         3
 Ozocubu's Armour         Ice            3%         N/A       82%         3
 Airstrike                Air            1%         2d(1-17)  99%         4
 Passage of Golubria      Tloc           3%         N/A       99%         4
 Petrify                  Alch/Erth      3%         N/A       99%         4
 Vhi's Electric Charge    Tloc/Air       6%         N/A       99%         4
 Borgnjor's Revivificati  Necr           14%        N/A       99%         8
 Alistair's Intoxication  Alch           2%         N/A       100%        5
 Lee's Rapid Deconstruct  Erth           1%         3d4*      100%        5
 Eringya's Noxious Bog    Alch           1%         4d6       100%        6
 Gell's Gavotte           Tloc           1%         2d(12-17) 100%        6
 Permafrost Eruption      Ice/Erth       1%         2x4d2     100%        6
 Magnavolt                Erth/Air       1%         3d9       100%        7
 Manifold Assault         Tloc           1%         N/A       100%        7
 Ozocubu's Refrigeration  Ice            1%         4d7       100%        7
 Disjunction              Tloc           1%         N/A       100%        8
 Maxwell's Capacitive Co  Air            1%         ∞         100%        8
 Death's Door             Necr           14%        N/A       100%        9
 Polar Vortex             Ice            1%         N/A       100%        9
 Animate Dead             Necr           Unusable   N/A       N/A         4
 Martyr's Knell           Necr/Summ      Unusable   N/A       N/A         4
 Slow                     Hex            Unusable   N/A       N/A         1
 Call Imp                 Summ           Unusable   N/A       N/A         2
 Ensorcelled Hibernation  Hex/Ice        Unusable   N/A       N/A         2
 Jinxbite                 Hex            Unusable   N/A       N/A         2
 Momentum Strike          Conj/Tloc      Unusable   3d8       N/A         2
 Scorch                   Fire           Unusable   2d5       N/A         2
 Confusing Touch          Hex            Unusable   N/A       N/A         3
 Hailstorm                Conj/Ice       Unusable   3d5       N/A         3
 Mephitic Cloud           Conj/Alch/Air  Unusable   N/A       N/A         3
 Stone Arrow              Conj/Erth      Unusable   3d7       N/A         3
 Summon Ice Beast         Ice/Summ       Unusable   N/A       N/A         3
 Volatile Blastmotes      Fire/Tloc      Unusable   2d10      N/A         3
 Animate Armour           Summ/Erth      Unusable   N/A       N/A         4
 Brom's Barrelling Bould  Conj/Erth      Unusable   2d3       N/A         4
 Ignite Poison            Fire/Alch      Unusable   N/A       N/A         4
 Sticky Flame             Fire/Alch      Unusable   2d4       N/A         4
 Arcjolt                  Conj/Air       Unusable   1d11      N/A         5
 Fireball                 Conj/Fire      Unusable   3d3       N/A         5
 Freezing Cloud           Conj/Ice/Air   Unusable   6-21      N/A         5
 Irradiate                Conj/Alch      Unusable   3d12      N/A         5
 Metabolic Englaciation   Hex/Ice        Unusable   N/A       N/A         5
 Silence                  Hex/Air        Unusable   N/A       N/A         5
 Conjure Ball Lightning   Conj/Air       Unusable   3x3d6     N/A         6
 Sculpt Simulacrum        Ice/Alch       Unusable   N/A       N/A         6
 Haunt                    Necr/Summ      Unusable   N/A       N/A         7
 Seismic Cannonade        Alch/Erth      Unusable   6d4       N/A         7
 Discord                  Hex            Unusable   N/A       N/A         8
 Fulsome Fusillade        Conj/Alch      Unusable   (3-5)d4   N/A         8
 Ignition                 Fire           Unusable   3d3       N/A         8
 Lehudib's Crystal Spear  Conj/Erth      Unusable   10d2      N/A         8
 Dragon's Call            Summ           Unusable   N/A       N/A         9

Dungeon Overview and Level Annotations

Branches:
Dungeon (15/15)            Temple (0/1) D:6            Lair (5/5) D:8
 Shoals (4/4) Lair:2       Spider (4/4) Lair:3        Slime (0/5) Lair:4
    Orc (2/2) D:11            Elf (3/3) Orc:2        Vaults (5/5) D:13
  Crypt (0/3) Vaults:2     Depths (4/4) D:15            Zot (5/5) Depths:4
  Sewer (visited)         Volcano (visited)         Gauntlet (visited)

Altars:
Cheibriados
Dithmenos
Elyvilon
Kikubaaqudgha
Qazlal
Ru
Uskayaw
Wu Jian
Xom
Zin
The Shining One

Shops:
D:6 !   D:8 (   D:13 =   Orc:2 ((([   Vaults:3 [!:([   Depths:1 *
Depths:2 (**[

Portals:
Hell: Depths:1 Depths:2 Depths:3 Depths:4
Abyss: Depths:3 Depths:4
Pandemonium: Depths:2 Depths:3
Ziggurat: Depths:3

Annotations:
Elf:1 Roxanne
Vaults:4 1 runed translucent door
Depths:3 exclusions: 2 daevas and 2 more exclusions
Zot:5 1 exclusion


Innate Abilities, Weirdness & Mutations

You do not regenerate when monsters are visible.
You sometimes lose the ability to drink potions when taking damage.
You cannot be stealthy.
You are hated by all.
You cannot study or cast Conjurations magic.
You cannot study or cast Fire magic.
You cannot study or cast Hexes magic.
Your casting is slightly disrupted.
You are somewhat inexperienced. (-1 XL)
Your spellcasting is much less encumbered by armour.
You can use scrolls of enchantment on lesser artefacts.
Your body sometimes deteriorates upon taking damage.
Your spells are a little harder to cast, but a little more powerful.


Message History

Things that are here:
a +0 ring mail; a +0 club
There is a stone staircase leading up here.
You fly upwards.
There is a stone staircase leading down here.
There is a stone staircase leading up here.
You fly upwards.
There is a stone staircase leading down here.
There is a stone staircase leading up here.
A tormentor comes into view.
The tormentor calls on the powers of darkness!
Your body is wracked with pain!
Your body deteriorates!
You feel dopey.
You slice the tormentor!! You freeze the tormentor.
The tormentor is severely wounded.
The tormentor calls on the powers of darkness!
Your body is wracked with pain!
You hit the tormentor. You freeze the tormentor.
The tormentor is almost dead.
The tormentor hits you but does no damage. x2
You slash the tormentor! You freeze the tormentor.
You kill the tormentor!
There is a stone staircase leading up here.
You start resting.
An Ice Fiend comes into view.
An angel and a daeva come into view.
The angel is wielding a +2 whip of holy wrath.
The daeva is wielding a +2 eudemon blade of holy wrath.
The daeva shouts!
You fly upwards.
There is a stone staircase leading down here.
What level of the Dungeon? (default 3, ? - help)
There is an open door here.
Magic restored.
You see here a +0 club.
HP restored.
There is a stone staircase leading up here.
You fly upwards.
There is a stone staircase leading down, spattered with blood here.
There is a staircase leading out of the dungeon here.
You have escaped!

.# .# .###### # ......### #
........############# ###
..##>)....).........##### ####..
#....##############.....## #..#.#
##...#~P~.........##.##..# #..#.#
.....#PP~##.###.@.##..##.###....#
#.##.#P~P##.# #...###..#..#####.#
#....#.##PPP# ###.# ##..#........
####.#.##P~~# #.# ##..........
...#.#...~P~#####.# #..........
...#.#.#####~PP...# #..........
#..#.#.# #PP~##.# #..........
...#.#.### #~~P##.# ##..........
#....#...# #.##PP~# #...#.######


There were no monsters in sight!

Vanquished Creatures
  2 dread liches (Vaults:5)
  2 orbs of fire (Zot:5)
  A juggernaut (Depths:3)
  Xtahua (Vaults:4)
  3 royal mummies (Depths:2)
  The ghost of Jymib the Ruinous, a veteran DgCj (Depths:2)
  Bai Suzhen (Vaults:4)
  Saint Roka (Vaults:4)
  3 Killer Klowns (Zot:5)
  A caustic shrike (Depths:3)
  2 curse toes (Zot:5)
  10 golden dragons
  Nikola (Depths:1)
  Norris (Elf:1)
  2 bone dragons (Depths:4)
  An electric golem (Zot:5)
  2 doom hounds (Zot:4)
  11 tentacled monstrosities
  Jorgrun (Shoals:1)
  A Hell Sentinel (Zot:3)
  23 Orb Guardians
  8 sphinxes
  3 liches
  A deep elf master archer (Elf:3)
  Grunn (Zot:4)
  7 titans (Vaults:5)
  3 quicksilver dragons
  A walking divine tome (Depths:2)
  A kraken (Shoals:2)
  A walking frostbound tome (Depths:2)
  3 tentacled starspawn (Abyss:5)
  3 deep elf blademasters
  An ancient champion (Vaults:1)
  4 tengu reavers
  10 storm dragons
  Aizul (Shoals:1)
  6 draconian monks (Zot:4)
  3 protean progenitors
  3 draconian knights
  9 fire giants
  7 frost giants
  The ghost of happinesssam the Eclecticist, a journeyman DjAr of Makhleb (D:14)
  2 iron dragons
  A daeva (Shoals:3)
  8 deep elf sorcerers
  6 deep elf elementalists (Elf:3)
  A juggernaut zombie (Depths:1)
  3 draconian scorchers
  2 balrugs (Depths:2)
  5 ghost moths
  5 orc warlords
  3 emperor scorpions (Spider:1)
  The ghost of bmj180 the Destroyer, a journeyman HuCj of Sif Muna (Orc:1)
  26 ironbound preservers
  An angel (Zot:4)
  9 draconian stormcallers
  22 vault wardens
  4 broodmothers
  A cacodemon (Zot:4)
  3 draconian annihilators
  13 ironbound thunderhulks
  15 stone giants
  A formless jellyfish (Vaults:3)
  16 very ugly things
  7 deep elf death magi
  4 black draconians
  11 green draconians
  Nessos (D:12)
  8 deep elf demonologists
  A lorocyproca (Depths:3)
  7 dire elephants
  A minotaur (Gauntlet)
  5 white draconians (Zot:4)
  3 spark wasps
  2 purple draconians
  8 red draconians
  Azrael (Elf:1)
  7 deep elf annihilators
  The ghost of GrimJard the Cleaver, a journeyman MiFi of Okawaru (Lair:3)
  2 war gargoyles (Vaults:5)
  5 yellow draconians
  2 mummy priests (Depths:2)
  7 deep elf high priests
  7 ettins
  12 merfolk impalers
  9 fire dragons
  A crystal guardian (Vaults:3)
  8 entropy weavers
  10 merfolk javelineers
  The ghost of Gorgor the Nimble, a journeyman MiBe of Trog (D:11)
  14 yaktaur captains
  A hell beast (Depths:3)
  A peacekeeper (Vaults:3)
  8 hydras
  2 quicksilver dragon skeletons (Depths:3)
  2 jorogumos
  12 ice dragons
  Erolcha (D:9)
  2 rakshasas
  41 vault guards
  11 ironbound frosthearts
  4 spriggan air magi
  10 radroaches
  3 great orbs of eyes
  An alligator snapping turtle (Shoals:1)
  6 ogre magi
  6 centaur warriors
  18 dancing weapons
  3 merfolk avatars
  2 alligators (Zot:2)
  14 boulder beetles
  A deep troll shaman (Depths:2)
  11 demonic crawlers
  A satyr (Shoals:3)
  6 tengu warriors
  4 deep troll earth magi (Depths:3)
  10 merfolk aquamancers
  11 two-headed ogres
  2 vampire magi
  8 orc high priests
  9 death yaks
  3 spriggan berserkers
  An occultist (Depths:1)
  A sun demon (Abyss:5)
  12 hell knights
  A titan skeleton (Depths:3)
  A wretched star (Abyss:5)
  A soul eater (Depths:3)
  10 deep elf knights
  10 pharaoh ants
  A fire crab (Lair:4)
  14 deep elf archers
  6 skysharks
  4 sixfirhies
  A death drake (shapeshifter) (Elf:1)
  4 cherubim
  43 deep trolls
  2 shadow wraiths (Vaults:5)
  17 sea snakes
  2 deep trolls (shapeshifter) (Vaults:5)
  6 glowing orange brains
  A sea snake (shapeshifter) (Vaults:5)
  A sun moth (Spider:3)
  10 arcanists
  2 flayed ghosts (Depths:3)
  A death drake (Zot:4)
  2 swamp dragons (shapeshifter) (Vaults:5)
  A golden dragon skeleton (Depths:3)
  An obsidian statue (Volcano)
  A golden dragon zombie (Depths:3)
  2 phantasmal warriors (Vaults:5)
  10 orb spiders
  A glowing orange brain (shapeshifter) (Vaults:5)
  13 necromancers
  16 ironbound convokers
  A tengu zombie (Depths:3)
  9 steelbarb worms
  26 orc knights
  2 large abominations (Abyss:5)
  14 deep elf zephyrmancers
  2 thermic dynamos (Elf:2)
  12 wolf spiders
  35 harpies
  14 lindwurms
  A steelbarb worm (shapeshifter) (Vaults:5)
  30 deep elf pyromancers
  A harpy (shapeshifter) (Elf:3)
  8 orc sorcerers
  11 manticores
  11 fauns
  44 ugly things
  10 cyclopes
  A faun (shapeshifter) (Vaults:5)
  A shining eye (shapeshifter) (Vaults:5)
  9 meliai
  A tengu skeleton (Depths:3)
  5 elephants (Lair:2)
  A salamander (shapeshifter) (Elf:1)
  27 vault sentinels
  22 moths of wrath
  An oklob plant (Lair:5)
  A guardian serpent (Depths:2)
  6 merfolk sirens
  2 fire giant skeletons
  A frost giant skeleton (Depths:3)
  A gargoyle (D:12)
  A stone giant skeleton (Depths:1)
  3 black mambas
  3 molten gargoyles (Lair:5)
  10 torpor snails
  5 water nymphs
  2 cane toads (shapeshifter) (D:14)
  An unseen horror (D:12)
  Maggie (D:9)
  2 smoke demons
  2 orange demons (Zot:4)
  12 komodo dragons
  A hellion (Zot:5)
  31 yaktaurs
  4 rime drakes
  14 cane toads
  2 efreet
  6 tengu conjurers
  2 tormentors
  10 trolls
  20 merfolk
  A queen bee (D:11)
  A hellwing (Zot:4)
  A polar bear (shapeshifter) (Elf:1)
  5 wind drakes
  A polar bear (Lair:4)
  10 snapping turtles
  19 blink frogs
  A raiju (shapeshifter) (Elf:1)
  6 hornets
  23 tarantellas
  A dream sheep (shapeshifter) (Depths:1)
  7 dream sheep
  15 jumping spiders
  4 glass eyes
  A small abomination (Abyss:5)
  26 culicivoras
  4 shadows
  29 slime creatures
  3 spriggans
  A yak (shapeshifter) (Elf:1)
  2 ynoxinuls
  3 air elementals
  A wraith (D:12)
  5 fire bats (Volcano)
  7 wyverns
  3 humans (D:13)
  60 yaks
  18 water elementals
  8 starcursed masses (Abyss:5)
  10 fire elementals
  5 vampire mosquitoes
  4 basilisks
  A chaos spawn (Abyss:5)
  A neqoxec (Abyss:5)
  4 wargs
  2 steam dragons (Lair:5)
  34 redbacks
  4 acid dragons
  10 hell hounds
  15 water moccasins
  52 orc warriors
  4 ice beasts
  12 ogres
  A black bear (D:7)
  A laughing skull (Vaults:2)
  12 wolves
  17 centaurs
  A phantom (D:4)
  5 kobold brigands
  A brain worm (shapeshifter) (D:14)
  16 bullfrogs
  A gnoll sergeant (D:11)
  8 scorpions
  16 wights
  38 killer bees
  5 electric eels
  9 lava snakes
  A bombardier beetle (D:6)
  8 hounds
  8 jellies
  37 orc priests
  An iguana (D:5)
  2 sleepcaps
  Terence (D:3)
  27 orc wizards
  6 gnolls
  A river rat (D:3)
  12 adders
  3 white imps (D:7)
  8 dart slugs
  4 ribbon worms
  121 orcs
  6 bats
  12 endoplasms
  13 giant cockroaches
  8 goblins
  2 hobgoblins
  4 jackals (D:1)
  25 kobolds
  2 quokkas
  16 ball pythons
  14 frilled lizards
  7 rats
  An aspiring flesh (Zot:5)
  A spectral weapon (Elf:2)
  A starspawn tentacle (Abyss:5)
  2 tentacles (Shoals:2)
2205 creatures vanquished.

Vanquished Creatures (collateral kills)
  A hornet (D:9)
  A yak (D:9)
  An orc (D:6)
3 creatures vanquished.

Vanquished Creatures (others)
  A dread lich (Zot:5)
  Asterion (Elf:2)
  Donald (Shoals:1)
  A fire giant (Vaults:5)
  A deep elf sorcerer (Elf:2)
  A purple draconian (Zot:4)
  A red draconian (Zot:4)
  A white draconian (Zot:4)
  2 ettins (Vaults:5)
  2 yaktaur captains (Vaults:5)
  An ice dragon (Abyss:5)
  A hydra (Lair:5)
  An ogre mage (Abyss:5)
  A dancing weapon (Elf:2)
  A deep troll shaman (Depths:3)
  A two-headed ogre (Zot:2)
  A demonic crawler (Spider:1)
  2 deep elf knights
  2 harpies
  A phantasmal warrior (Vaults:5)
  A deep elf pyromancer (D:14)
  2 manticores
  A wolf spider (Spider:2)
  A water nymph (Shoals:4)
  A vault sentinel (Vaults:3)
  A cane toad (Lair:1)
  A harpy zombie (Abyss:5)
  A tarantella (Spider:2)
  A water elemental (Depths:3)
  A fire bat (Abyss:5)
  A warg (Vaults:5)
  4 yaks
  A vampire mosquito (D:11)
  2 chaos spawn (Abyss:5)
  Menkaure (D:6)
  An acid dragon (D:9)
  A wolf (D:8)
  A phantom (D:7)
  An orc (D:14)
  A starspawn tentacle (Abyss:5)
  7 tentacles (Shoals:2)
56 creatures vanquished.

Grand Total: 2264 creatures vanquished

Notes
Turn   | Place    | Note
-------+----------+-------------------------------------------
     0 | D:1      | ParallaxScroll the Mountain Dwarf Fighter began the quest
                  | for the Orb.
     0 | D:1      | Reached XP level 1. HP: 19/19 MP: 1/1
   130 | D:1      | Reached XP level 2. HP: 21/26 MP: 2/2
   757 | D:2      | Reached XP level 3. HP: 31/31 MP: 3/3
   974 | D:2      | Reached skill level 5 in Axes
  1143 | D:2      | Reached XP level 4. HP: 28/38 MP: 4/4
  1790 | D:3      | Found a sacrificial altar of Ru.
  1793 | D:3      | Became a worshipper of Ru the Awakened
  1879 | D:3      | Found a glowing drain.
  1888 | Sewer    | Entered a sewer
  2259 | Sewer    | Reached skill level 1 in Dodging
  2259 | Sewer    | Reached XP level 5. HP: 45/45 MP: 5/5
  2379 | Sewer    | Reached skill level 4 in Fighting
  2695 | D:3      | Noticed Terence
  2709 | D:3      | Killed Terence
  2710 | D:3      | Reached XP level 6. HP: 52/52 MP: 6/6
  2782 | D:3      | Reached skill level 1 in Maces & Flails
  2782 | D:3      | Reached skill level 1 in Evocations
  2840 | D:3      | Identified the ring of Xom's Recklessness {rF+ rC- rN+
                  | Dex+4 Slay-5}
  2912 | D:3      | Gained mutation: You cannot study or cast Fire magic. [Ru
                  | sacrifice]
  2912 | D:3      | Gained mutation: You cannot study or cast Hexes magic. [Ru
                  | sacrifice]
  2912 | D:3      | Gained mutation: You cannot study or cast Conjurations
                  | magic. [Ru sacrifice]
  2912 | D:3      | Reached * piety under Ru
  3620 | D:4      | Reached skill level 1 in Throwing
  3634 | D:4      | Reached XP level 7. HP: 38/59 MP: 7/7
  3751 | D:4      | Identified the +3 ring mail "Yrunnos" {Dex+5 Stlth-}
  4491 | D:5      | Entered Level 5 of the Dungeon
  4706 | D:5      | Reached skill level 5 in Maces & Flails
  5057 | D:5      | Reached XP level 8. HP: 65/66 MP: 8/8
  5192 | D:5      | Gained mutation: You cannot be stealthy. [Ru sacrifice]
  5450 | D:6      | Found a staircase to the Ecumenical Temple.
  5534 | D:6      | Reached skill level 5 in Fighting
  5639 | D:6      | Upgraded the game from 0.32-a0-938-g40ac7a0f4d to
                  | 0.32-a0-953-g508020473e
  5753 | D:6      | Reached skill level 5 in Evocations
  5763 | D:6      | Reached skill level 5 in Armour
  5763 | D:6      | Reached XP level 9. HP: 41/74 MP: 9/9
  5992 | D:6      | Found Fouliese's Distillery.
  5995 | D:6      | Bought a potion of haste for 110 gold pieces
  5995 | D:6      | Bought a potion of lignification for 33 gold pieces
  5995 | D:6      | Bought a potion of attraction for 33 gold pieces
  5995 | D:6      | Bought a potion of berserk rage for 55 gold pieces
  5995 | D:6      | Bought a potion of cancellation for 88 gold pieces
  6515 | D:6      | Noticed Menkaure
  6535 | D:6      | Killed Menkaure
  6651 | D:6      | Reached skill level 6 in Fighting
  6902 | D:6      | Found Fouliese's Distillery.
  7024 | D:6      | Found a staircase to the Ecumenical Temple.
  8075 | D:7      | Reached skill level 10 in Maces & Flails
  8388 | D:7      | Found a hide-covered altar of Uskayaw.
  8538 | D:8      | Found a snail-covered altar of Cheibriados.
  8679 | D:8      | Noticed a troll
  8696 | D:8      | Killed a troll
  8886 | D:8      | Gained mutation: Your casting is slightly disrupted. [Ru
                  | sacrifice]
  8886 | D:8      | Reached ** piety under Ru
  8895 | D:8      | Reached XP level 10. HP: 79/83 MP: 10/10
  9446 | D:8      | Found a shadowy altar of Dithmenos.
  9863 | D:8      | Found Buafoime's Weapon Shop.
 10810 | D:9      | Noticed Maggie
 10997 | D:9      | Noticed Erolcha
 11002 | D:9      | Killed Erolcha
 11003 | D:9      | Reached skill level 7 in Fighting
 11157 | D:9      | Reached skill level 8 in Fighting
 11555 | D:9      | Killed Maggie
 11835 | D:9      | Gained mutation: You are hated by all. [Ru sacrifice]
 11835 | D:9      | Reached *** piety under Ru
 12043 | D:10     | Entered Level 10 of the Dungeon
 12052 | D:9      | Reached XP level 11. HP: 91/94 MP: 11/11
 12631 | D:10     | Found an ornate altar of the Wu Jian Council.
 13018 | D:10     | You fall into a shaft and drop 3 floors!
 13023 | D:13     | Found a shimmering altar of Xom.
 13351 | D:11     | Reached skill level 10 in Axes
 14038 | D:11     | Noticed a two-headed ogre
 14044 | D:11     | Killed a two-headed ogre
 14253 | D:11     | Gained mutation: You do not regenerate when monsters are
                  | visible. [Ru sacrifice]
 14253 | D:11     | Reached **** piety under Ru
 14378 | D:11     | Found a runed translucent door.
 14380 | D:11     | Noticed Gorgor's ghost (journeyman MiBe)
 15028 | D:10     | Found an ornate altar of the Wu Jian Council.
 15468 | D:11     | Found a staircase to the Orcish Mines.
 15895 | D:6      | Bought a potion of might for 44 gold pieces
 15895 | D:6      | Bought a potion of ambrosia for 88 gold pieces
 16083 | D:11     | Noticed a red ugly thing
 16085 | D:11     | Noticed a boulder beetle
 16307 | D:12     | Noticed a purple ugly thing
 16314 | D:12     | Noticed a two-headed ogre
 16315 | D:12     | Noticed Nessos
 16429 | D:11     | Killed a red ugly thing
 16515 | D:11     | Killed a boulder beetle
 16516 | D:11     | Reached skill level 9 in Fighting
 16516 | D:11     | Reached XP level 12. HP: 73/104 MP: 12/12
 16599 | D:11     | Noticed an ogre mage
 16602 | D:11     | Killed an ogre mage
 16720 | D:11     | Noticed a boulder beetle
 16737 | D:11     | Killed a boulder beetle
 17810 | D:11     | Found a staircase to the Orcish Mines.
 18507 | D:12     | Noticed a two-headed ogre
 18516 | D:12     | Killed a two-headed ogre
 19015 | D:12     | Noticed a two-headed ogre
 19024 | D:12     | Killed a two-headed ogre
 19317 | D:12     | Killed Nessos
 19353 | D:12     | Killed a two-headed ogre
 20144 | D:8      | Found a staircase to the Lair.
 20225 | Lair:1   | Entered Level 1 of the Lair of Beasts
 20906 | Lair:1   | Noticed a death yak
 20906 | Lair:1   | Noticed a death yak
 20918 | Lair:1   | Noticed a death yak
 20921 | Lair:1   | Killed a death yak
 20921 | Lair:1   | Noticed a death yak
 20922 | Lair:1   | Noticed a death yak
 20931 | Lair:1   | Killed a death yak
 20932 | Lair:1   | Reached skill level 10 in Fighting
 20932 | Lair:1   | Reached XP level 13. HP: 92/113 MP: 13/13
 20943 | Lair:1   | Reached skill level 15 in Axes
 21096 | Lair:1   | Gained mutation: You occasionally lose the ability to drink
                  | potions when taking damage. [Ru sacrifice]
 21096 | Lair:1   | Gained mutation: You sometimes lose the ability to drink
                  | potions when taking damage. [Ru sacrifice]
 21096 | Lair:1   | Reached ***** piety under Ru
 22644 | Lair:2   | Found a staircase to the Shoals.
 23492 | Lair:3   | Found a dark tunnel.
 23556 | Volcano  | Entered a volcano
 23785 | Volcano  | Found a burning altar of Makhleb.
 24473 | Lair:3   | Found a hide-covered altar of Uskayaw.
 24644 | Lair:3   | Reached XP level 14. HP: 122/122 MP: 14/14
 24727 | Lair:3   | Found a large runed translucent door.
 24727 | Lair:3   | Found a large runed translucent door.
 24732 | Lair:3   | Noticed GrimJard's ghost (journeyman MiFi)
 25092 | Lair:3   | Found a hole to the Spider Nest.
 25488 | Lair:3   | Killed GrimJard's ghost
 25612 | Lair:3   | Reached skill level 10 in Armour
 26152 | Lair:4   | Found a staircase to the Slime Pits.
 26945 | Lair:5   | Entered Level 5 of the Lair of Beasts
 27266 | Lair:5   | Reached skill level 5 in Throwing
 27571 | Lair:5   | Found a large runed translucent door.
 28375 | Lair:5   | Reached skill level 11 in Fighting
 28869 | Lair:5   | Found a large runed translucent door.
 29974 | D:13     | Found Giagim's Jewellery Shop.
 29980 | D:13     | Bought a +4 ring of slaying for 468 gold pieces
 30386 | D:13     | Noticed an ironbound thunderhulk
 30398 | D:13     | Killed an ironbound thunderhulk
 30502 | D:13     | Found a gate to the Vaults.
 30627 | D:14     | Reached skill level 12 in Fighting
 30627 | D:14     | Reached skill level 10 in Evocations
 30650 | D:14     | Reached XP level 15. HP: 132/132 MP: 15/15
 30718 | D:14     | Reached skill level 5 in Dodging
 30727 | D:14     | Found a gate leading to a gauntlet.
 30740 | Gauntlet | Entered a Gauntlet
 30740 | Gauntlet | Found a transporter.
 30795 | Gauntlet | Found a transporter.
 30797 | Gauntlet | Found a transporter.
 30800 | Gauntlet | Found a transporter.
 30801 | Gauntlet | Found a transporter.
 30807 | Gauntlet | Found a runed translucent gate.
 30809 | Gauntlet | Found a transporter.
 30810 | Gauntlet | Found a runed translucent gate.
 30811 | Gauntlet | Found a runed translucent gate.
 30817 | Gauntlet | Found a transporter.
 30838 | Gauntlet | Found a transporter.
 30880 | Gauntlet | Found a transporter.
 30896 | Gauntlet | Found a transporter.
 30900 | Gauntlet | Found a transporter.
 30914 | Gauntlet | Found a transporter.
 31072 | Gauntlet | Identified the ring of Wek Poru {rF+ rCorr EV+5 Str-4
                  | Int+2}
 31272 | Gauntlet | Identified the +2 cloak of the Bouncing Hells {Harm rF+
                  | Int+2}
 31385 | D:13     | Identified a scroll of acquirement
 31386 | D:13     | Acquired the +9 scales of the Dragon King {rPois rF+ rC+
                  | Will+}
 31386 | D:13     | Found the +9 scales of the Dragon King {rPois rF+ rC+
                  | Will+}
 32088 | D:14     | Got Sif Muna's Codex of Violence and the Tektite
 32183 | D:14     | Found a glowing silver altar of Zin.
 32263 | D:14     | Found a runed translucent gate.
 32263 | D:14     | Found a runed translucent gate.
 32264 | D:14     | Found a runed translucent gate.
 32265 | D:14     | Noticed happinesssam's ghost (journeyman DjAr)
 32266 | D:14     | Identified the -1 kite shield "Ocwad" {rC+ Int-5 Dex+7}
 32271 | D:14     | Found the +0 cloak of the Thief {Quiet Slay-3 SInv Stlth+}
 32598 | Orc:1    | Entered Level 1 of the Orcish Mines
 33004 | Orc:1    | Found a transporter.
 33034 | Orc:1    | Found a transporter.
 33034 | Orc:1    | Noticed bmj180's ghost (journeyman HuCj)
 33036 | Orc:1    | Identified the +11 great mace of Omoaxiny {elec, rN+ rCorr}
 33036 | Orc:1    | Identified the +10 dire flail "Siakhets" {freeze, Fly rF+
                  | SInv}
 33217 | Orc:2    | Entered Level 2 of the Orcish Mines
 33247 | Orc:2    | Found a staircase to the Elven Halls.
 35082 | Orc:2    | Found Azxa's Antique Weapon Emporium.
 35082 | Orc:2    | Found Notuguss's Weapon Emporium.
 35083 | Orc:2    | Found Maossuew's Armour Emporium.
 35083 | Orc:2    | Found Ovin's Weapon Shoppe.
 35276 | D:15     | Entered Level 15 of the Dungeon
 35299 | D:15     | Noticed a fire giant
 35299 | D:15     | Found a staircase to the Depths.
 35797 | D:15     | Gained mutation: You are somewhat inexperienced. (-1 XL)
                  | [Ru sacrifice]
 35797 | D:15     | Reached XP level 14. HP: 96/127 MP: 14/14
 35797 | D:15     | Reached ****** piety under Ru
 35918 | D:15     | Reached skill level 13 in Fighting
 36131 | D:15     | Reached XP level 15. HP: 130/135 MP: 15/15
 36746 | Spider:1 | Entered Level 1 of the Spider Nest
 39207 | Spider:2 | Reached skill level 14 in Fighting
 39307 | Spider:2 | Reached skill level 15 in Armour
 41314 | Spider:3 | Found a transporter.
 41316 | Spider:3 | Found a transporter.
 41520 | Spider:3 | Got the +2 pair of boots "Aviluyf" {Str+5}
 41536 | Spider:4 | Entered Level 4 of the Spider Nest
 41557 | Spider:3 | Reached XP level 16. HP: 144/147 MP: 16/16
 41617 | Spider:3 | Reached skill level 15 in Fighting
 44578 | Spider:4 | Got a gossamer rune of Zot
 44949 | Orc:1    | Killed bmj180's ghost
 45270 | Shoals:1 | Entered Level 1 of the Shoals
 45772 | Shoals:1 | Upgraded the game from 0.32-a0-953-g508020473e to
                  | 0.32-a0-960-g3814254bd7
 45972 | Shoals:1 | Noticed Jorgrun
 45981 | Shoals:1 | Killed Jorgrun
 45981 | Shoals:1 | Noticed Donald
 45994 | Shoals:1 | Killed Donald
 47047 | Shoals:1 | Identified the serpent talisman of Abstinence {rC- Int+4
                  | Slay+5 SInv}
 47047 | Shoals:1 | Noticed Aizul
 47057 | Shoals:1 | Killed Aizul
 48113 | Shoals:2 | Reached XP level 17. HP: 156/156 MP: 17/17
 48154 | Shoals:2 | Reached skill level 10 in Throwing
 49108 | Shoals:3 | Found a runed translucent door.
 49355 | Shoals:3 | Got the Volume of Orogeny and the Throng
 50115 | Shoals:3 | Reached skill level 16 in Fighting
 50505 | Shoals:4 | Entered Level 4 of the Shoals
 50755 | D:14     | Killed happinesssam's ghost
 51044 | D:14     | Identified the ring "Oskidaox" {rN+ Will+ Slay+3}
 51050 | D:14     | Identified the +2 hat of Shrieking Satisfaction {rF+ rN++
                  | Int-2}
 51862 | Shoals:4 | Found a glowing silver altar of Zin.
 51868 | Shoals:4 | Identified the ring of Hodemas {rPois rF- AC+4 Int+3 Dex+4}
 53601 | Shoals:3 | Reached skill level 17 in Fighting
 54577 | Shoals:4 | Found a white marble altar of Elyvilon.
 54888 | Shoals:4 | Found a glowing golden altar of the Shining One.
 54902 | Shoals:4 | Got a barnacled rune of Zot
 55389 | Elf:1    | Entered Level 1 of the Elven Halls
 56047 | Elf:1    | Noticed Norris
 56074 | Elf:1    | Killed Norris
 56207 | Elf:1    | Reached XP level 18. HP: 169/169 MP: 18/18
 56390 | Elf:1    | Got the Volume of Formulae
 56483 | Elf:1    | Noticed Roxanne
 56966 | Elf:1    | Found the +7 great mace "Undeadhunter" {deathbane, rN+}
 57283 | Elf:1    | Noticed Azrael
 57298 | Elf:1    | Killed Azrael
 57651 | Elf:2    | Paralysed by an air elemental for 1 turns
 57863 | Elf:2    | Paralysed by an air elemental for 1 turns
 58443 | Elf:2    | Found a huge runed translucent gate.
 58443 | Elf:2    | Found a huge runed translucent gate.
 58443 | Elf:2    | Found a huge runed translucent gate.
 58444 | Elf:2    | Found a huge runed translucent gate.
 58446 | Elf:2    | Found a huge runed translucent gate.
 58508 | Elf:2    | Noticed Asterion
 58513 | Elf:2    | Killed Asterion
 58559 | Elf:2    | Found a portal to a secret trove of treasure.
 59227 | Elf:2    | Reached skill level 18 in Fighting
 60442 | Elf:2    | Identified the blade talisman "Odinuthu" {rC- Str+7 Int-2}
 60641 | Elf:3    | Entered Level 3 of the Elven Halls
 61114 | Elf:3    | Paralysed by an air elemental for 1 turns
 61320 | Elf:3    | Found an ancient bone altar of Kikubaaqudgha.
 61657 | Elf:3    | Reached skill level 15 in Evocations
 62659 | Elf:3    | Reached XP level 19. HP: 172/179 MP: 19/19
 63198 | Elf:3    | Identified the +0 scale mail of the Bagpipe {rF+ rC++ Int-2
                  | Dex+3}
 63214 | Elf:3    | Got the Commentary on Baneful Hypothermia
 63265 | Elf:3    | Identified the +1 rapier of Righteous Anger {holy, ^Fragile
                  | rPois Str+3 Dex+7}
 63290 | Elf:3    | Identified the +6 broad axe of Lufud {venom, rPois Dex-4
                  | SInv Stlth+}
 63500 | D:11     | Killed Gorgor's ghost
 63842 | Vaults:1 | Entered Level 1 of the Vaults
 64542 | Vaults:1 | Reached skill level 19 in Fighting
 67118 | Vaults:2 | Found a staircase to the Crypt.
 67139 | Vaults:2 | Found a glowing golden altar of the Shining One.
 67976 | Vaults:2 | Reached XP level 20. HP: 191/191 MP: 20/20
 68205 | Vaults:2 | Reached skill level 15 in Throwing
 68384 | Vaults:2 | Identified the +1 robe of Apathy {rF+ rCorr Str-2}
 68697 | Vaults:3 | Paralysed by a formless jellyfish for 1 turns
 69012 | Vaults:3 | Found Xibbeh's Weapon Shop.
 69022 | Vaults:3 | Found Soxzierr's Book Shop.
 69365 | Vaults:3 | Reached skill level 20 in Fighting
 69435 | Vaults:3 | Found Hoysumm's Antique Armour Emporium.
 69443 | Vaults:3 | Bought a pair of smoking boots for 342 gold pieces
 69443 | Vaults:3 | Identified the -2 pair of boots of Dithmenos's Outrage
                  | {Dex+5} (You bought it in a shop on level 3 of the Vaults)
 69661 | Vaults:3 | Identified the +6 short sword of the Shore {speed, rElec
                  | rC+}
 69787 | Vaults:3 | Found Cokabbam's Distillery.
 69840 | Vaults:3 | Bought a potion of heal wounds for 90 gold pieces
 69840 | Vaults:3 | Bought a potion of curing for 54 gold pieces
 69840 | Vaults:3 | Bought a potion of curing for 54 gold pieces
 69840 | Vaults:3 | Bought a potion of curing for 54 gold pieces
 69840 | Vaults:3 | Bought a potion of berserk rage for 90 gold pieces
 70217 | Vaults:3 | Found Cuyrhef's Antique Armour Shoppe.
 70226 | Vaults:3 | Bought a pair of heavily runed gloves for 418 gold pieces
 70226 | Vaults:3 | Identified the +0 pair of gloves of Hije {*Slow rElec rC+
                  | Dex+3} (You bought it in a shop on level 3 of the Vaults)
 72027 | Vaults:4 | Found a runed translucent door.
 72385 | Vaults:4 | Noticed Saint Roka
 72589 | Vaults:4 | Killed Saint Roka
 72758 | Vaults:4 | Noticed Xtahua
 72776 | Vaults:4 | Killed Xtahua
 72955 | Vaults:4 | Noticed Bai Suzhen
 73143 | Depths:1 | Entered Level 1 of the Depths
 73168 | D:15     | Reached XP level 21. HP: 174/202 MP: 21/21
 73387 | Depths:1 | Noticed Nikola
 73400 | Depths:1 | Killed Nikola
 73460 | Depths:1 | Reached skill level 21 in Fighting
 73488 | Depths:1 | Found a gateway to Hell.
 73511 | Depths:1 | Found Ummic's Island Escapes.
 74538 | Depths:1 | Bought a scroll of blinking for 150 gold pieces
 74794 | Depths:2 | Noticed a golden dragon
 74808 | Depths:2 | Noticed Jymib's ghost (veteran DgCj)
 74823 | Depths:2 | Found a runed translucent gate.
 74824 | Depths:2 | Found a runed translucent gate.
 74832 | Depths:2 | Found a runed translucent gate.
 74860 | Depths:2 | Identified the +0 robe "Wery" {-Cast rF+ rC+ Will++}
 74927 | Depths:2 | Found Orchin's Armour Boutique.
 74930 | Depths:2 | Found Irutuot's Assorted Antiques.
 74930 | Depths:2 | Found Hulyunat's Assorted Antiques.
 74970 | Depths:2 | Found Acwick's Weapon Shop.
 74973 | Depths:2 | Bought a potion of cancellation for 272 gold pieces
 75296 | Depths:2 | Noticed a royal mummy
 75306 | Depths:2 | Killed a royal mummy
 75756 | Depths:2 | Found a one-way gate leading to the halls of Pandemonium.
 75906 | Depths:2 | Identified the +0 leather armour of Hangman {*Corrode Will+
                  | Str+2 Dex+4}
 76012 | Depths:2 | Noticed a royal mummy
 76028 | Depths:2 | Killed a royal mummy
 76403 | Depths:2 | Noticed a royal mummy
 76410 | Depths:2 | Killed a royal mummy
 76569 | Depths:2 | Found the +7 sceptre of Torment {pain, torment}
 77057 | Depths:2 | Got Esuz's Keys to the Transmundane Traditions
 77058 | Depths:2 | Identified the +0 pair of gloves of the Cartwright {+Blink
                  | Fly Int-2 Slay+4}
 77070 | Depths:2 | Identified the +5 hand axe of the Breathing Queen {heavy,
                  | +Blink rN+}
 77539 | Depths:3 | Noticed a golden dragon
 77595 | Depths:2 | Killed a golden dragon
 77596 | Depths:2 | Reached skill level 1 in Necromancy
 77640 | Depths:3 | Found a one-way gateway to a ziggurat.
 77841 | Depths:3 | Found a flickering gateway to a bazaar.
 77859 | Bazaar   | Entered a bazaar
 77859 | Bazaar   | Found Bugoseilu's Antique Weapon Shoppe.
 77859 | Bazaar   | Found Wunuh's Assorted Antiques.
 78060 | Bazaar   | Found Haric's Antique Armour Shoppe.
 78076 | Bazaar   | Found Ricyor's Distillery.
 78084 | Bazaar   | Bought a potion of cancellation for 80 gold pieces
 78084 | Bazaar   | Bought a potion of resistance for 100 gold pieces
 78092 | Bazaar   | Bought a pair of encrusted boots for 237 gold pieces
 78092 | Bazaar   | Identified the +0 pair of boots "Linewel" {Str+3 Int+5}
                  | (You bought it in a shop in a bazaar)
 78092 | Bazaar   | Bought an ancient lead ring for 125 gold pieces
 78092 | Bazaar   | Identified the ring "Ogahiss" {^Contam +Blink rElec AC+4
                  | Str-4} (You bought it in a shop in a bazaar)
 78098 | Bazaar   | Bought a potion of curing for 30 gold pieces
 78098 | Bazaar   | Bought a potion of curing for 30 gold pieces
 78098 | Bazaar   | Bought a potion of curing for 30 gold pieces
 78098 | Bazaar   | Bought a potion of curing for 30 gold pieces
 78098 | Bazaar   | Bought a potion of curing for 30 gold pieces
 78098 | Bazaar   | Bought a potion of curing for 30 gold pieces
 78098 | Bazaar   | Bought a potion of heal wounds for 50 gold pieces
 78098 | Bazaar   | Bought a potion of enlightenment for 50 gold pieces
 78098 | Bazaar   | Bought a potion of lignification for 30 gold pieces
 78128 | Bazaar   | Bought a shiny crystal plate armour for 1660 gold pieces
 78564 | Depths:3 | Reached skill level 5 in Necromancy
 78949 | Depths:2 | Killed Jymib's ghost
 79003 | Depths:2 | Found Orchin's Armour Boutique.
 79006 | Depths:2 | Found Irutuot's Assorted Antiques.
 79006 | Depths:2 | Found Hulyunat's Assorted Antiques.
 79010 | Depths:2 | Found Acwick's Weapon Shop.
 79547 | Depths:3 | Killed a golden dragon
 80496 | Elf:2    | You paid a toll of +4 fire dragon scales to enter a
                  | treasure trove
 80497 | Trove    | Entered a treasure trove
 80501 | Trove    | Identified the ring of Keufize {rC+ Str+4}
 80503 | Trove    | Identified the ring "Baarups" {Fly Will+ Dex+3}
 80508 | Trove    | Identified the amulet "Heohep" {^Fragile rN++ Regen+}
 80510 | Trove    | Identified the ring "Kiepaesk" {rN+ rCorr Dex+6}
 80512 | Trove    | Identified the ring "Qeil" {+Blink rElec rCorr Int-5 Dex+2}
 80523 | Trove    | Identified the ring of Orthodoxy {rPois Will+ Str+3 Slay-2}
 80529 | Trove    | Identified the amulet of Padayt {Spirit -Cast Fly Regen+
                  | Slay+4}
 80882 | Depths:3 | Found a one-way gate to the infinite horrors of the Abyss.
 81008 | Depths:3 | Noticed a caustic shrike
 81019 | Depths:3 | Killed a caustic shrike
 81216 | Depths:3 | Noticed a juggernaut
 81234 | Depths:3 | Killed a juggernaut
 81358 | Depths:3 | Reached XP level 22. HP: 210/213 MP: 20/22
 81385 | Depths:4 | Entered Level 4 of the Depths
 83324 | Depths:4 | Found a white marble altar of Elyvilon.
 83738 | Depths:4 | Reached skill level 5 in Shields
 84933 | Depths:4 | Found a gate to the Realm of Zot.
 85301 | Vaults:4 | Killed Bai Suzhen
 85511 | Vaults:5 | Entered Level 5 of the Vaults
 85518 | Vaults:5 | Noticed a dread lich
 85531 | Vaults:5 | Killed a dread lich
 85768 | Vaults:5 | Reached skill level 10 in Shields
 86364 | Vaults:5 | Identified the +13 chain mail "Ijaus" {-Tele Fly Int+3
                  | Dex+3 SInv}
 86527 | Vaults:5 | Identified the +0 leather armour "Xilug" {rC+ rCorr Dex-5}
 86546 | Vaults:5 | Reached skill level 10 in Necromancy
 86716 | Vaults:5 | Noticed a dread lich
 86724 | Vaults:5 | Killed a dread lich
 86725 | Vaults:5 | Reached XP level 23. HP: 215/222 MP: 21/23
 86735 | Vaults:5 | Identified the ring "Weocsaib" {rF+ Dex+4}
 86866 | Vaults:5 | Identified the +9 shortbow of Terra Cotta {heavy, *Corrode
                  | rElec Int+4 Dex+3}
 86889 | Vaults:5 | Identified the +8 rapier of the Dripping Fool {heavy, rF+
                  | rN+ rCorr}
 87004 | Vaults:5 | Identified the +1 plate armour "Ontoupn" {Rampage Int+2}
 87357 | Vaults:5 | Identified the +4 spear "Embalmer" {speed, rPois Will-
                  | Int+4 Dex+2}
 87379 | Vaults:5 | Found Byxkimedgh's Antique Armour Shop.
 87656 | Vaults:5 | Got a silver rune of Zot
 88147 | Depths:2 | Bought a potion of mutation for 272 gold pieces
 88147 | Depths:2 | Bought a potion of magic for 272 gold pieces
 88473 | Vaults:3 | Bought 2 throwing nets for 126 gold pieces
 88746 | Zot:1    | Entered Level 1 of the Realm of Zot
 89614 | Zot:4    | Found a stormy altar of Qazlal.
 89699 | Zot:4    | Reached skill level 15 in Necromancy
 89952 | Zot:4    | Noticed Grunn
 89955 | Zot:4    | Reached skill level 22 in Fighting
 89961 | Zot:4    | Killed Grunn
 90251 | Zot:4    | Got the Papyrus of the Zealot
 90713 | Zot:5    | Entered Level 5 of the Realm of Zot
 90729 | Zot:5    | Upgraded the game from 0.32-a0-960-g3814254bd7 to
                  | 0.32-a0-975-g85d4e5bfdb
 90950 | Zot:5    | Reached skill level 23 in Fighting
 90960 | Zot:5    | Reached skill level 1 in Spellcasting
 91271 | Zot:5    | Reached XP level 24. HP: 178/235 MP: 22/28
 91612 | Zot:5    | Noticed an orb of fire
 91618 | Zot:5    | Killed an orb of fire
 91619 | Zot:5    | Reached skill level 5 in Spellcasting
 91628 | Zot:5    | Noticed a dread lich
 91636 | Zot:5    | Noticed a Killer Klown
 91641 | Zot:5    | Killed a dread lich
 91658 | Zot:5    | Noticed an orb of fire
 91661 | Zot:5    | Killed a Killer Klown
 91673 | Zot:5    | Noticed a Killer Klown
 91678 | Zot:5    | Killed an orb of fire
 91682 | Zot:5    | Killed a Killer Klown
 91819 | Zot:5    | Noticed a Killer Klown
 91830 | Zot:5    | Killed a Killer Klown
 92548 | Zot:5    | Got the Orb of Zot
 93157 | D:6      | Noticed Ingiosid the pandemonium lord
 93162 | Abyss:5  | Cast into level 5 of the Abyss (Ingiosid)
 93262 | Abyss:5  | Paralysed by accursed screaming for 1 turns
 93365 | Abyss:5  | Gained mutation: Your spells are a little harder to cast,
                  | but a little more powerful. [a neqoxec]
 93370 | Abyss:5  | Gained mutation: Your body sometimes deteriorates upon
                  | taking damage. [a neqoxec]
 93449 | D:6      | Escaped the Abyss
 93665 | D:$      | Escaped with the Orb!

Illustrated notes

Levels and vault maps discovered:
D:1:      psy_arrival_conway, layout_basic
D:2:      layout_loops_corners
D:3:      layout_rooms, nicolae_ru_path_of_blood, portal_sewer_entry_b,
          uniq_terence
D:4:      layout_layer_cave, minmay_starry_boxes
D:5:      layout_loops_ring, kennysheep_big_empty_room
D:6:      layout_cave_pods, minmay_temple_entry_stoned_glass, serial_shops,
          nicolae_shop_tiny_real_fake_doors, nicolae_tricolors, uniq_menkaure
D:7:      minmay_s_stair_smasher, layout_loops_cross,
          nicolae_uskayaw_dance_studio, st_stairs_4,
          dreamdust_mushroom_princess, kennysheep_donut, minmay_hedge_maze,
          grunt_decor_junction
D:8:      layout_gridville, lemuel_doored_altar, slow_altar_1, erik_lair_island,
          serial_shops, shop, kennysheep_generic_room_8
D:9:      layout_cave_pods, uniq_maggie, uniq_erolcha
D:10:     layout_irregular_city, mainiacjoe_overflow_six_doors_small
D:11:     regret_index_combs_of_tragedy, layout_loops_corners,
          hiddenorc1_lemuel, ebering_ghost_inner_flame
D:12:     layout_loops_ring, chequers_serial_rivers_micro_c, uniq_nessos
D:13:     layout_cave_pools, hellmonk_vaults_keyhole,
          minmay_shop_enchanted_jewellery, tgw_xom
D:14:     layout_roguey [special_room_orc], zin_angel,
          biasface_ghost_orc_armoury, gauntlet_entry_generic
D:15:     grunt_enter_depths_giant_problem, layout_loops_ring,
          chequers_serial_rivers_micro_a, grunt_ministairs_13, bh_walls_and_bars
Lair:1:   layout_gridlike, serial_bayou, serial_bayou_shore_b,
          serial_bayou_pond_e, serial_bayou_shore_a, serial_bayou_pond_c,
          serial_bayou_pond_d
Lair:2:   layout_loops_ring, shoals_dummy_entry, nicolae_lair_lindhole,
          serial_bayou_shore_b, serial_bayou_shore_b, lemuel_fruit_tree
Lair:3:   layout_loops_ring, nicolae_spider_entry_lesser_pyramids, basic_altar,
          nicolae_volcano_entry_lava_flow, ebering_ghost_disaster_area
Lair:4:   layout_cave_pods, minmay_slime_entry_pillars, st_stairs_3
Lair:5:   cheibrodos_lair_end_hotspot, layout_cave_pods, tgw_fedhas
Shoals:1: cheibrodos_shoals_roost, layout_shoals, uniq_jorgrun, uniq_aizul,
          uniq_donald
Shoals:2: layout_shoals, nicolae_shoals_hunting_party
Shoals:3: layout_shoals, lightli_airlock
Shoals:4: shoals_end_hellmonk_holy_island
Spider:1: nicolae_spider_hilbert_zone_3 [nicolae_spider_hilbert_4_sides_2_open,
          nicolae_spider_hilbert_3_sides_1_open,
          nicolae_spider_hilbert_3_sides_1_open,
          nicolae_spider_hilbert_3_sides_1_open,
          nicolae_spider_hilbert_3_sides_1_open,
          nicolae_spider_hilbert_4_sides_1_open,
          nicolae_spider_hilbert_4_sides_1_open,
          nicolae_spider_hilbert_4_sides_1_open,
          nicolae_spider_hilbert_4_sides_1_open,
          nicolae_spider_hilbert_4_sides_1_open,
          nicolae_spider_hilbert_4_sides_1_open,
          nicolae_spider_hilbert_4_sides_1_open,
          nicolae_spider_hilbert_4_sides_1_open,
          nicolae_spider_hilbert_3_sides_1_open,
          nicolae_spider_hilbert_3_sides_1_open,
          nicolae_spider_hilbert_3_sides_1_open,
          nicolae_spider_hilbert_3_sides_1_open]
Spider:2: layout_spider_delve
Spider:3: gammafunk_boulding_lane
Spider:4: hellmonk_spider_rune_bug_friends
Orc:1:    minmay_goldmine, layout_diamond_mine, gammafunk_ghost_smash
Orc:2:    st_orc_pillars, layout_diamond_mine
Elf:1:    minmay_elf_arrival_plus, layout_loops_corners,
          nicolae_elf_shapeshifter_party, uniq_azrael, uniq_roxanne, uniq_norris
Elf:2:    elven_hall_of_blades_hangedman_alternative
          [nicolae_blade_entry_hurt_lockers], layout_geoelf_octagon,
          nicolae_trove_entry_crystal, grunt_megastairs_5, uniq_asterion
Elf:3:    minmay_elf_hall_four_x, layout_gridlike, basic_altar,
          nicolae_elf_stone_circles
Vaults:1: nicolae_vaults_storage_closets_1,
          vaults_room_grunt_arrival_checkpoint, nicolae_vaults_surprise_closet,
          nicolae_vaults_security_offices_5, nicolae_vaults_trapezoid_layered,
          nicolae_vaults_diamond_1, v_misc_23, grunt_vaults_hallway_short,
          ontoclasm_vaults_ring_square, nicolae_vaults_angled_halls,
          serial_ice_h, hangedman_vaults_stagger, v_misc_18, v_pattern_2,
          vaults_mumra_chevron_long, layout_vaults_maze_bifur
Vaults:2: hangedman_vaults_variations, dpeg_vaults_waves,
          hangedman_vaults_unwind, nicolae_vaults_ring_of_whatevers,
          minmay_crypt_entry_simple_statues, nicolae_vaults_twisting_passages,
          lemuel_angel_altar, v_misc_24, nicolae_vaults_network_star,
          nicolae_vaults_closet_pinwheel_4, nicolae_vaults_double_plus_1,
          vaults_room_hallway, hangedman_vaults_trim, layout_vaults_omnicross
Vaults:3: vaults_standard_mumra_x, nicolae_vaults_taking_the_gang_shopping,
          v_misc_33, vaults_mumra_minichess, vaults_room_door_ring,
          ontoclasm_vaults_ligature, nicolae_vaults_six-pack,
          nicolae_vaults_surprise_closet_hard, vaults_dpeg_ring,
          vaults_dpeg_cross, nicolae_vaults_little_ls, v_misc_9,
          layout_vaults_big_room, serial_shops, shop,
          nicolae_shop_pleasant_corner_grove, shop, shop
Vaults:4: vaults_room_grid, nicolae_vaults_storage_closets_2, v_misc_14,
          v_pattern_5, nicolae_vaults_wine_cellar,
          nicolae_vaults_network_square, nicolae_vaults_storage_room_glass,
          nicolae_vaults_shrinking_rooms_2, hangedman_vaults_stitches,
          ontoclasm_vaults_tryst, nicolae_vaults_trapezoid_3,
          nicolae_vaults_oozy_zoo, layout_vaults_omnibox, uniq_saint_roka,
          uniq_xtahua, uniq_bai_suzhen
Vaults:5
Depths:1: layout_basic, hex_tiny, hell_entry, minmay_misc_feat_x, drop_trap,
          nicolae_island_escapes, uniq_nikola
Depths:2: minmay_guarded_unrand_sceptre_of_torment, layout_small_grid,
          rand_demon_pan_entry_5, gammafunk_ghost_split, hell_entry,
          minmay_misc_feat_tiny, fake_guardian_serpent_vault, minmay_shoptagon
Depths:3: wad_courtyard, layout_cave_pools, enter_ziggurat_d, pf_coc_iceberg,
          kennysheep_crisscross, abyss_entry_crystal, rand_demon_pan_entry_3,
          serial_shops, bzr_entry_customers
Depths:4: evilmike_zot_entry_hall, layout_basic, elyvilon_altar_3, abyss_entry,
          hell_entry, uniq_margery
Zot:1:    layout_gridlike, hangedman_zot_decor_checkerboard, grunt_ministairs_4,
          regret_index_zotdec_barnacled_simple, st_small_dragon_hoard_3
Zot:2:    layout_twisted_circle, grunt_megastairs_1
Zot:3:    circus_mu, layout_misc_corridors, regret_index_zotdec_carving_tricks,
          ebering_ghost_xom, st_stairs_14
Zot:4:    nicolae_zot_draconian_monastery, layout_gridlike,
          hangedman_swamp_dais, uniq_parghit, uniq_grunn
Zot:5:    layout_twisted_circle

Skill      XL: |  1  2  3  4  5  6  7  8  9 10 11 12 13 14 15 16 17 18 19 20 21 22 23 24 |
---------------+-------------------------------------------------------------------------+-----
Axes           | 3 4 5 6 12 14 18 | 18.4
Dodging        | 1 2 3 4 5 9 |  9.0
Fighting       | 4 5 6 8 9 10 13 14 15 17 18 19 20 21 23 | 23.0
Armour         | 4 5 6 8 12 15 16 17 18 19 20 21 22 | 22.0
Maces & Flails | 3 6 9 11 13 | 13.3
Evocations     | 2 4 5 6 7 8 10 12 13 14 15 16 | 16.0
Throwing       | 1 2 3 4 5 9 10 12 14 16 | 16.0
Necromancy     | 9 10 16 | 16.0
Shields        | 14 | 14.0
Spellcasting   | 3 9 |  9.9

Action                     |  1- 3 |  4- 6 |  7- 9 | 10-12 | 13-15 | 16-18 | 19-21 | 22-24 || total
---------------------------+-------+-------+-------+-------+-------+-------+-------+-------++-------
  Melee: War axe           |   126 |   153 |       |       |       |       |       |       ||   279
         Unarmed           |       |     5 |       |       |       |       |       |       ||     5
         Flail             |       |    73 |   302 |   225 |    26 |       |       |       ||   626
         Battleaxe         |       |       |       |   420 |  1512 |   982 |  1426 |       ||  4340
         Dire flail        |       |       |       |       |       |   414 |    35 |       ||   449
         Eveningstar       |       |       |       |       |       |       |     4 |  1052 ||  1056
         Broad axe         |       |       |       |       |       |       |       |    86 ||    86
   Fire: Sling             |       |       |    44 |    24 |       |       |       |       ||    68
         Orcbow            |       |       |       |     7 |       |       |       |       ||     7
         Longbow           |       |       |       |    14 |    18 |       |       |       ||    32
  Throw: Stone             |       |     8 |     5 |     8 |       |       |       |       ||    21
         Dart              |       |     1 |    11 |    60 |    68 |     8 |     1 |       ||   149
         Throwing net      |       |       |       |     3 |       |       |       |       ||     3
         Boomerang         |       |       |       |       |    24 |    58 |    11 |    42 ||   135
         Javelin           |       |       |       |       |    11 |     5 |       |    18 ||    34
 Invoke: Sacrifice Arcana  |       |     1 |       |       |       |       |       |       ||     1
         Sacrifice Stealth |       |       |     1 |       |       |       |       |       ||     1
         Sacrifice Essence |       |       |     1 |       |       |       |       |       ||     1
         Sacrifice Love    |       |       |       |     1 |       |       |       |       ||     1
         Sacrifice Purity  |       |       |       |     1 |       |       |       |       ||     1
         Draw Out Power    |       |       |       |       |     2 |       |       |       ||     2
         Sacrifice Drink   |       |       |       |       |     1 |       |       |       ||     1
         Reject Sacrifices |       |       |       |       |     2 |       |       |       ||     2
         Sacrifice Experie |       |       |       |       |     1 |       |       |       ||     1
         Power Leap        |       |       |       |       |     2 |     1 |       |     2 ||     5
         Apocalypse        |       |       |       |       |       |     1 |     1 |     2 ||     4
  Evoke: Wand              |       |       |     2 |    20 |     6 |    14 |       |     8 ||    50
         Condenser vane    |       |       |       |       |     3 |     3 |     1 |     2 ||     9
         Phial of floods   |       |       |       |       |       |     1 |     1 |       ||     2
    Use: Scroll            |       |     3 |     2 |     9 |    12 |     7 |     9 |    16 ||    58
         Potion            |       |     1 |     2 |     8 |     3 |     2 |     2 |    13 ||    31
   Stab: Invisible         |       |       |       |     2 |     7 |     8 |     7 |     2 ||    26
         Paralysed         |       |       |       |     2 |    10 |     6 |     5 |    11 ||    34
         Distracted        |       |       |       |     2 |     9 |     4 |     5 |     4 ||    24
 Armour: Scale mail        |    51 |       |       |       |       |       |       |       ||    51
         Chain mail        |    46 |   128 |    28 |       |       |       |       |       ||   202
         Ring mail         |       |       |   117 |   386 |   103 |       |       |       ||   606
         Plate armour      |       |       |       |       |   298 |       |       |       ||   298
         Gold dragon scale |       |       |       |       |   651 |  1079 |   950 |   893 ||  3573
         Acid dragon scale |       |       |       |       |     4 |       |       |       ||     4
         Skin              |       |       |       |       |       |       |       |    12 ||    12
  Dodge: Dodged            |    49 |    59 |    74 |   206 |   330 |   345 |   301 |   232 ||  1596
  Block: Buckler           |    39 |    77 |   131 |    74 |       |       |       |   280 ||   601
         Other             |       |     2 |       |    69 |   223 |   136 |   147 |       ||   577
         Reflection        |       |     2 |    11 |     2 |     9 |    15 |     7 |       ||    46

Table legend: (Time is in decaauts)
 A = Elapsed time spent in this place.
 B = Non-inter-level travel time spent in this place.
 C = Inter-level travel time spent in this place.
 D = Time resting spent in this place.
 E = Time spent auto-exploring this place.
 F = Levels seen in this place.
 G = Mean time per level.
                   A        B        C        D        E       F      G
               +--------+--------+--------+--------+--------+-----+--------+
         Total |  92406 |  77815 |  14591 |  28510 |  34415 |  53 | 1743.5 |
       Dungeon |  27016 |  22162 |   4854 |   5884 |  12468 |  15 | 1801.1 |
          Lair |   9312 |   8012 |   1300 |   2596 |   4119 |   5 | 1862.4 |
        Shoals |   8946 |   7879 |   1067 |   4266 |   2060 |   4 | 2236.5 |
   Spider Nest |   7710 |   7054 |    656 |   2846 |   2883 |   4 | 1927.5 |
  Orcish Mines |   3222 |   2441 |    781 |    771 |    975 |   2 | 1611.0 |
   Elven Halls |   8079 |   6778 |   1301 |   3136 |   2526 |   3 | 2693.0 |
        Vaults |  12325 |  10400 |   1925 |   4049 |   4191 |   5 | 2465.0 |
        Depths |   9500 |   7676 |   1824 |   2756 |   3651 |   4 | 2375.0 |
           Zot |   3933 |   3053 |    880 |   1678 |    472 |   5 |  786.6 |
         Abyss |    259 |    259 |      0 |     22 |    153 |   1 |  259.0 |
        Bazaar |    277 |    277 |      0 |      0 |    223 |   1 |  277.0 |
         Trove |     46 |     46 |      0 |      0 |     22 |   1 |   46.0 |
         Sewer |    664 |    664 |      0 |    156 |    190 |   1 |  664.0 |
       Volcano |    557 |    557 |      0 |    262 |    188 |   1 |  557.0 |
      Gauntlet |    553 |    553 |      0 |     82 |    292 |   1 |  553.0 |
               +--------+--------+--------+--------+--------+-----+--------+

Top non-repeatable levels by time:
    D:11: 5001 daAuts
   Elf:2: 3888 daAuts
Depths:2: 3777 daAuts
Shoals:3: 3302 daAuts
Spider:4: 3003 daAuts
Vaults:1: 2871 daAuts
Vaults:4: 2843 daAuts
Vaults:2: 2435 daAuts
   Elf:3: 2350 daAuts
  Lair:5: 2309 daAuts
Vaults:5: 2275 daAuts
Shoals:1: 2241 daAuts
     D:8: 2224 daAuts
     D:6: 2203 daAuts
Spider:1: 2199 daAuts
